 Dungeon Crawl Stone Soup version 0.25.1-8-g42b30a86e7 (webtiles) character file.

Game seed: 7523730746227635576

18666 Gabide the Basher (level 12, -1/95 HPs)
             Began as a Human Abyssal Knight on Dec 10, 2020.
             Was the Champion of Lugonu.
             Hit by a boomerang thrown by an orc warrior (9 damage)
             ... on level 2 of the Orcish Mines.
             The game lasted 00:55:20 (18594 turns).

Gabide the Basher (Human Abyssal Knight)           Turns: 18594, Time: 00:55:21

Health: -1/95      AC: 22    Str: 18    XL:     12   Next: 98%
Magic:  10/17      EV:  7    Int: 12    God:    Lugonu [******]
Gold:   1333       SH: 10    Dex: 13    Spells: 11/11 levels left

rFire    + + .     SeeInvis +   J - +3 hunting sling of Sapel {venom, rF++}
rCold    + . .     Gourm    .   p - +0 buckler
rNeg     . . .     Faith    .   A - +2 plate armour {rC+}
rPois    .         Spirit   .   (no helmet)
rElec    .         Reflect  +   y - +0 cloak
rCorr    .         Harm     .   b - +0 pair of gloves
MR       .....                  k - +0 pair of boots
Stlth    ..........             g - amulet of reflection
HPRegen  0.25/turn              I - ring of see invisible
MPRegen  0.15/turn              a - +4 ring of protection

@: about to teleport, stab, drained
A: no striking features
a: Depart the Abyss, Bend Space, Banish, Corrupt, Enter the Abyss, Brand Weapon
With Distortion, Renounce Religion


You were on level 2 of the Orcish Mines.
You worshipped Lugonu.
Lugonu was exalted by your worship.
You were not hungry.

You visited 2 branches of the dungeon, and saw 14 of its levels.
You visited the Abyss 1 time.

You collected 1333 gold pieces.

Inventory:

Hand Weapons
 e - a +7 flail of venom
 f - the +2 flail "Nufiorph" {freeze, Int+4 Dex+6}
   (You found it on level 2 of the Orcish Mines)

   It has been specially enchanted to freeze those struck by it, causing extra
   injury to most foes and up to half again as much damage against particularly
   susceptible opponents.
   It can also slow down cold-blooded creatures.
   It affects your intelligence (+4).
   It affects your dexterity (+6).
 j - a +2 whip of electrocution
 l - a +1 mace of holy wrath
 v - a +1 fustibalus
 J - the +3 hunting sling of Sapel (weapon) {venom, rF++}
   (You found it on level 9 of the Dungeon)

   It poisons the ammo it fires.
   It greatly protects you from fire.
 M - the +7 falchion of Megalomania {drain, *Contam rN+ MR+}
   (You took it off an orc wizard on level 2 of the Orcish Mines)

   A truly terrible weapon, it drains the life of those it strikes.
   It protects you from negative energy.
   It affects your resistance to hostile enchantments.
   It causes magical contamination when unequipped.
Missiles
 w - 47 stones (quivered)
Armour
 b - a +0 pair of gloves (worn)
 k - a +0 pair of boots (worn)
 p - a +0 buckler (worn)
 y - a +0 cloak (worn)
 A - a +2 plate armour of cold resistance (worn)
Jewellery
 a - a +4 ring of protection (right hand)
 g - an amulet of reflection (around neck)
 u - a +6 ring of strength
 I - a ring of see invisible (left hand)
 K - an uncursed ring of stealth
Wands
 s - a wand of flame (11)
 t - a wand of acid (8)
 C - a wand of polymorph (10)
 E - a wand of clouds (3)
 L - a wand of iceblast (10)
Scrolls
 q - 3 scrolls of enchant armour
 r - a scroll of teleportation
 x - a scroll of amnesia
 G - 3 scrolls of magic mapping
 R - a scroll of remove curse
Potions
 h - 2 potions of lignification
 i - a potion of might
 m - 5 potions of flight
 o - a potion of magic
 D - a potion of mutation
 F - a potion of cancellation {unknown}
 H - 2 potions of berserk rage {unknown}
 N - 2 potions of brilliance {unknown}
 P - a potion of resistance {unknown}
Comestibles
 c - 5 rations
 B - a chunk of flesh


   Skills:
 * Level 9.0(8.3) Fighting
 * Level 10.9(10.2) Maces & Flails
 + Level 9.9(9.5) Slings
 - Level 3.3(6.5) Throwing
 + Level 7.4(6.8) Armour
 + Level 4.1(3.5) Dodging
 - Level 4.0(3.4) Shields
 + Level 7.2(6.6) Invocations


You had 11 spell levels left.
You didn't know any spells.
Your spell library contained the following spells:

 Spells                   Type           Power        Failure   Level  Hunger
 Animate Skeleton         Necr           N/A          100%        1    ##.....
 Apportation              Tloc           #.....       100%        1    ##.....
 Corona                   Hex            #......      100%        1    ##.....
 Pain                     Necr           #...         100%        1    ##.....
 Sandblast                Erth           #.....       100%        1    ##.....
 Summon Small Mammal      Summ           #...         100%        1    ##.....
 Passwall                 Tmut/Erth      #.......     100%        2    ###....
 Confusing Touch          Hex            #.......     100%        3    ####...
 Gell's Gravitas          Tloc           #.........   100%        3    ####...
 Stone Arrow              Conj/Erth      #.....       100%        3    ####...
 Vampiric Draining        Necr           #.........   100%        3    ####...
 Animate Dead             Necr           N/A          100%        4    #####..
 Petrify                  Tmut/Erth      #.......     100%        4    #####..
 Agony                    Necr           #.......     100%        5    ######.
 Lee's Rapid Deconstruct  Erth           #.........   100%        5    ######.
 Metabolic Englaciation   Hex/Ice        #.........   100%        5    ######.
 Yara's Violent Unravell  Hex/Tmut       #.........   100%        5    ######.
 Haunt                    Necr/Summ      #.........   100%        7    #######
 Borgnjor's Revivificati  Necr           #.........   100%        8    #######
 Death's Door             Chrm/Necr      #.........   100%        8    #######
 Infestation              Necr           #.........   100%        8    #######
 Necromutation            Tmut/Necr      #.........   100%        8    #######


Dungeon Overview and Level Annotations

Branches:
Dungeon (12/15)            Temple (0/1) D:4            Lair (0/6) D:9
    Orc (2/2) D:11
    Elf: Orc:2

Altars:
Cheibriados
Dithmenos
Fedhas
Gozag
Hepliaklqana
Makhleb
Nemelex Xobeh
Okawaru
Qazlal
Sif Muna
Trog
Wu Jian
Xom
Yredelemnul
Zin
The Shining One
Beogh

Shops:
D:6 *   Orc:2 [

Annotations:
D:12 Jorgrun
Orc:2 corrupted


Message History

The sun demon writhes in pain as voices assail its mind.
The chaos spawn hits the orc priest!
The large abomination hits the orc priest!!
The orc priest dies!
You hear a shout!
An orc warrior and an orc priest come into view.
The orc warlord shoots a bolt.
The bolt barely misses the ufetubus.
The bolt misses the orc sorcerer.
The bolt hits the large abomination!
The orc priest completely misses the chaos spawn.
The sun demon hits the large abomination!!
The large abomination is engulfed in flames!
The large abomination is destroyed!
The chaos spawn closely misses the orc priest.
The ufetubus hits the orc sorcerer.
The ufetubus closely misses the orc sorcerer.
The soul eater draws from the surrounding life force!
* * * LOW HITPOINT WARNING * * *
The starcursed mass engulfs the sun demon.
The orc warrior throws a boomerang.
The boomerang hits you!
You die...

.8._.8..# o..o. # ........
#o#... .## .......
####.4...#
.((####...(..##.#.....#
......##.(8##...#....# .
..(...##((##.#......# .(
...(....(o....#....# #..(
#..(...)().3(5.o@.###.....
###..(.(8##WXX3.[##(.(....
..###.()((...X###...[(((((
)...##[()....##......##...
.)...().)...........##
#)..)...8.#.......###
#####)..).....#####
#########[###########
..#...##.##...#....#


You could see an orc warlord (very poisoned), a soul eater (summoned), a sun
demon (summoned), an orc sorcerer (strong), an orc warrior, 2 orc priests, 3
neutral starcursed masses, a neutral chaos spawn (summoned), a neutral wraith
(summoned) and a neutral ufetubus (summoned).

Vanquished Creatures
  2 two-headed ogres
  2 orc high priests (Orc:2)
  A death yak (D:10)
  A flayed ghost (D:9)
  An orc knight (Orc:1)
  An orc sorcerer (Orc:1)
  2 polar bears (D:10)
  A troll (Orc:2)
  Prince Ribbit (D:6)
  Grinder (D:5)
  3 hippogriffs
  A shadow (D:9)
  A centaur simulacrum (D:10)
  Sigmund (D:3)
  4 wraiths (D:9)
  A fire bat (D:9)
  Eustachio (D:5)
  5 yaks (D:10)
  2 wyverns
  A hungry ghost (D:10)
  A steam dragon (D:10)
  3 wargs
  A water moccasin (D:5)
  Duvessa (D:7)
  A sky beast (D:6)
  4 ice beasts
  A necrophage (D:11)
  A meliai simulacrum (D:10)
  4 black bears (D:8)
  2 phantoms
  30 orc warriors
  13 ogres
  2 wolves (D:10)
  4 centaurs
  3 bullfrogs
  A water moccasin zombie (D:8)
  A scorpion (D:10)
  Dowan (D:7)
  11 killer bees
  2 wights (D:12)
  2 electric eels (D:10)
  3 crimson imps
  5 quasits
  4 hounds
  19 orc wizards
  A centaur skeleton (D:6)
  20 orc priests
  7 jellies
  Terence (D:2)
  An iguana (D:6)
  8 worker ants
  2 bullfrog simulacra (D:10)
  2 hound skeletons (D:11)
  A hound zombie (D:6)
  A worker ant zombie (D:6)
  A howler monkey skeleton (D:11)
  3 gnolls (D:10)
  17 adders
  2 shadow imps
  6 white imps (D:10)
  5 oozes
  An adder skeleton (D:8)
  3 worms
  A dart slug (D:1)
  7 leopard geckos
  100 orcs
  13 bats
  3 giant cockroaches
  10 goblins
  15 hobgoblins
  17 jackals
  7 kobolds
  2 quokkas
  2 ball pythons (D:3)
  2 frilled lizards (D:1)
  A leopard gecko skeleton (D:4)
  A leopard gecko zombie (D:5)
  A quokka skeleton (D:8)
  2 rats (D:1)
  A spectral orc (D:2)
  A butterfly (D:11)
421 creatures vanquished.

Vanquished Creatures (collateral kills)
  An ogre (Orc:1)
  An orc (Orc:1)
2 creatures vanquished.

Vanquished Creatures (others)
  Nessos (D:12)
  An orc warrior (Orc:1)
  A warg (Orc:1)
  2 orc priests (Orc:2)
  An orc (D:10)
6 creatures vanquished.

Grand Total: 429 creatures vanquished

Notes
Turn   | Place    | Note
-------+----------+-------------------------------------------
     0 | Abyss:1  | Gabide the Human Abyssal Knight began the quest for the
                  | Orb.
     0 | Abyss:1  | Reached XP level 1. HP: 18/18 MP: 2/2
    55 | Abyss:1  | Noticed a tentacled starspawn
    57 | D:1      | Escaped the Abyss
   316 | D:1      | Reached XP level 2. HP: 24/24 MP: 3/3
   468 | D:1      | Reached * piety under Lugonu
   620 | D:1      | Reached XP level 3. HP: 14/29 MP: 4/4
  1233 | D:1      | Reached skill level 1 in Throwing
  1682 | D:2      | Reached XP level 4. HP: 17/36 MP: 5/5
  2053 | D:2      | Found a basalt altar of Yredelemnul.
  2124 | D:2      | Found a blossoming altar of Fedhas.
  2134 | D:2      | Reached XP level 5. HP: 30/41 MP: 6/6
  2547 | D:2      | Noticed Terence
  2556 | D:2      | Killed Terence
  2556 | D:2      | Reached skill level 3 in Maces & Flails
  2656 | D:2      | Found a stormy altar of Qazlal.
  3136 | D:3      | Noticed Sigmund
  3149 | D:3      | Killed Sigmund
  3149 | D:3      | Reached skill level 4 in Maces & Flails
  3149 | D:3      | Reached skill level 1 in Shields
  3149 | D:3      | Reached XP level 6. HP: 46/48 MP: 7/7
  3632 | D:3      | Reached ** piety under Lugonu
  3768 | D:3      | Found an iron altar of Okawaru.
  3848 | D:4      | Reached XP level 7. HP: 40/53 MP: 8/8
  3949 | D:4      | Found a shadowy altar of Dithmenos.
  4005 | D:4      | Found a shimmering blue altar of Sif Muna.
  4263 | D:4      | Found a staircase to the Ecumenical Temple.
  4936 | D:5      | Entered Level 5 of the Dungeon
  4945 | D:5      | Reached skill level 5 in Maces & Flails
  4970 | D:5      | Found a basalt altar of Yredelemnul.
  4975 | D:5      | Noticed a water moccasin
  4983 | D:5      | Killed a water moccasin
  5072 | D:5      | Reached XP level 8. HP: 41/60 MP: 9/9
  5278 | D:5      | Found a snail-covered altar of Cheibriados.
  5575 | D:5      | Found a sparkling altar of Nemelex Xobeh.
  5636 | D:5      | Reached *** piety under Lugonu
  5805 | D:5      | Found an ornate altar of the Wu Jian Council.
  5863 | D:5      | Reached skill level 6 in Maces & Flails
  6170 | D:6      | Noticed Grinder
  6172 | D:6      | Noticed Eustachio
  6275 | D:5      | Reached skill level 1 in Slings
  6473 | D:5      | Killed Eustachio
  6473 | D:5      | Reached XP level 9. HP: 65/66 MP: 10/10
  6474 | D:5      | Reached skill level 7 in Maces & Flails
  6496 | D:5      | Killed Grinder
  6607 | D:6      | Noticed Prince Ribbit
  6629 | D:6      | Killed Prince Ribbit
  6924 | D:6      | Found Anunis's General Store.
  7023 | D:7      | Found an opulent altar of Gozag.
  7039 | D:7      | Noticed a hippogriff
  7064 | D:7      | Killed a hippogriff
  7346 | D:7      | Reached skill level 8 in Maces & Flails
  7411 | D:7      | Noticed Dowan
  7414 | D:7      | Noticed Duvessa
  7419 | D:7      | Killed Dowan
  7435 | D:7      | Killed Duvessa
  7435 | D:7      | Reached **** piety under Lugonu
  7435 | D:7      | Reached skill level 5 in Fighting
  7640 | D:7      | Found a burning altar of Makhleb.
  7720 | D:7      | Reached skill level 5 in Slings
  7749 | D:7      | Found a shimmering altar of Xom.
  7993 | D:8      | Reached XP level 10. HP: 69/74 MP: 12/12
  9079 | D:8      | Found a glowing golden altar of the Shining One.
  9304 | D:9      | Found a staircase to the Lair.
  9446 | D:9      | Found a bloodstained altar of Trog.
  9632 | D:9      | Reached skill level 5 in Armour
  9918 | D:9      | Found a runed translucent door.
  9924 | D:9      | Noticed a flayed ghost
  9942 | D:9      | Found a burning altar of Makhleb.
 10084 | D:9      | Found a hazy altar of Hepliaklqana.
 10103 | D:9      | Reached ***** piety under Lugonu
 10125 | D:9      | Found a blossoming altar of Fedhas.
 10140 | D:9      | Found a glowing silver altar of Zin.
 10212 | D:9      | Found a bloodstained altar of Trog.
 10267 | D:9      | Found a basalt altar of Yredelemnul.
 10407 | D:9      | Killed a flayed ghost
 10407 | D:9      | Reached skill level 9 in Maces & Flails
 10407 | D:9      | Reached XP level 11. HP: 50/81 MP: 14/14
 10417 | D:9      | Got a twisted hunting sling
 10419 | D:9      | Identified the +3 hunting sling of Sapel {venom, rF++} (You
                  | found it on level 9 of the Dungeon)
 10743 | D:10     | Entered Level 10 of the Dungeon
 11315 | D:10     | Reached skill level 5 in Invocations
 12286 | D:10     | Noticed a death yak
 12305 | D:10     | Killed a death yak
 13584 | D:11     | Found a staircase to the Orcish Mines.
 13610 | D:11     | You fall into a shaft and drop 1 floor!
 13610 | D:12     | Noticed Nessos
 13611 | D:12     | Noticed Jorgrun
 13633 | D:12     | Killed Nessos
 14102 | D:11     | Reached XP level 12. HP: 91/91 MP: 16/16
 14221 | D:11     | Got a bloodstained robe
 14222 | D:11     | Identified the +0 robe of the Iron Devil {Harm} (You found
                  | it on level 11 of the Dungeon)
 14432 | Orc:1    | Entered Level 1 of the Orcish Mines
 14441 | Orc:1    | Reached skill level 10 in Maces & Flails
 15190 | Orc:1    | Reached ****** piety under Lugonu
 15433 | Orc:2    | Entered Level 2 of the Orcish Mines
 15436 | Orc:2    | Noticed a two-headed ogre
 15449 | Orc:2    | Killed a two-headed ogre
 15792 | Orc:2    | Noticed a two-headed ogre
 15836 | Orc:1    | Killed a two-headed ogre
 16168 | Orc:2    | Identified the +7 falchion of Megalomania {drain, *Contam
                  | rN+ MR+}
 16439 | Orc:2    | Noticed an orc high priest
 16470 | Orc:2    | Killed an orc high priest
 16793 | Orc:2    | Noticed an orc warlord
 16817 | Orc:2    | Noticed a soul eater
 17109 | Orc:2    | Noticed a sixfirhy
 17511 | Orc:2    | Noticed an orc high priest
 17521 | Orc:2    | Killed an orc high priest
 17637 | Orc:2    | Found Rikkomm's Antique Armour Boutique.
 18119 | Orc:2    | Got a glimmering flail
 18120 | Orc:2    | Identified the +2 flail "Nufiorph" {freeze, Int+4 Dex+6}
                  | (You found it on level 2 of the Orcish Mines)
 18297 | Orc:2    | Noticed a sixfirhy
 18308 | Orc:2    | Noticed a soul eater
 18572 | Orc:2    | Found a roughly hewn altar of Beogh.
 18576 | Orc:2    | Noticed a soul eater
 18579 | Orc:2    | Paralysed by an orc sorcerer for 7 turns
 18583 | Orc:2    | Noticed a sun demon
 18588 | Orc:2    | Corrupted Orc:2
 18589 | Orc:2    | Noticed a starcursed mass
 18594 | Orc:2    | Hit by a boomerang thrown by an orc warrior

Illustrated notes

Levels and vault maps discovered:
D:1:      nicolae_arrival_memento_mori, layout_basic
D:2:      layout_loops_ring, overflow_temple_1_default,
          yredelemnul_forgotten_temple_becter, nicolae_overflow_crystal_walls,
          uniq_terence
D:3:      layout_basic, kennysheep_okawaru_gauntlet, uniq_sigmund
D:4:      layout_loops_cross, lemuel_crystal_altar,
          nicolae_dithmenos_the_darkroom, minmay_temple_entry_overgrown,
          first_ration
D:5:      layout_rooms, overflow_temple_1_default,
          nicolae_overflow_hidden_temple, basic_altar, nemelex_altar_shiori
D:6:      layout_rooms, serial_shops, kennysheep_mini_moat, uniq_grinder,
          uniq_eustachio, uniq_prince_ribbit1
D:7:      layout_rooms, marbit_many_paths, grunt_gozag_statues, tgw_xom,
          uniq_duvessa
D:8:      layout_basic, tso_altar
D:9:      due_megacathedral, layout_gridville, lightli_temple_of_fire
D:10:     layout_loops_ring, serial_ice, serial_ice_k, serial_ice_n,
          serial_ice_c, serial_ice_o, serial_ice_b, serial_ice_a, serial_ice_g,
          serial_ice_f, grunt_pizzeria
D:11:     layout_irregular_city, hiddenorc1_lemuel, hangedman_glass_garden
D:12:     layout_basic, uniq_nessos, uniq_jorgrun, uniq_snorg
Orc:1:    layout_diamond_mine
Orc:2:    pubby_orc_utopia

Skill      XL: |  1  2  3  4  5  6  7  8  9 10 11 12 |
---------------+-------------------------------------+-----
Throwing       | 1 2 3 |  3.3
Maces & Flails | 4 5 6 8 9 10 | 10.9
Shields        | 1 2 3 4 |  4.0
Fighting       | 4 5 7 9 |  9.0
Armour         | 3 4 5 6 7 |  7.4
Dodging        | 2 3 4 |  4.1
Slings         | 1 5 7 8 9 |  9.9
Invocations    | 4 6 7 |  7.2

Action                   |  1- 3 |  4- 6 |  7- 9 | 10-12 || total
-------------------------+-------+-------+-------+-------++-------
Melee: Mace              |    69 |    41 |       |    94 ||   204
       Whip              |       |    71 |   330 |   106 ||   507
       Flail             |       |       |       |   521 ||   521
       Hunting sling     |       |       |       |     1 ||     1
 Fire: Fustibalus        |       |       |    77 |    90 ||   167
       Hunting sling     |       |       |       |   389 ||   389
Throw: Stone             |     9 |       |       |       ||     9
       Boomerang         |    28 |    28 |    18 |       ||    74
       Dart              |       |       |       |     4 ||     4
Invok: Depart the Abyss  |     1 |       |       |       ||     1
       Bend Space        |       |       |     4 |    38 ||    42
       Corrupt           |       |       |       |     1 ||     1
Evoke: Wand              |       |       |       |     2 ||     2
  Use: Scroll            |     5 |     4 |    11 |    13 ||    33
       Potion            |     1 |     5 |     3 |    10 ||    19
  Eat: Chunk             |     2 |     7 |     8 |    14 ||    31
       Ration            |       |       |     2 |     6 ||     8
Armor: Leather armour    |    11 |       |       |       ||    11
       Scale mail        |     9 |    47 |   148 |   151 ||   355
       Skin              |       |       |     2 |       ||     2
       Plate armour      |       |       |       |   203 ||   203
Dodge: Dodged            |    44 |    26 |   112 |   270 ||   452
Block: Buckler           |       |     7 |   142 |   414 ||   563
       Reflection        |       |       |     3 |     9 ||    12
